 Dungeon Crawl Stone Soup version 0.28-a0-1339-ga5422284a4 (webtiles) character file.

Game seed: 12480675365806456250

28 vivovinco the Ruffian (level 2, -7/23 HPs)
             Began as a Draconian Transmuter on Dec 28, 2021.
             Mangled by a fenstrider witch zombie (12 damage)
             ... on level 2 of the Abyss.
             The game lasted 00:06:31 (697 turns).

vivovinco the Ruffian (Draconian Transmuter)         Turns: 697, Time: 00:06:32

Health: -7/23      AC:  4    Str: 12    XL:     2   Next: 96%
Magic:  1/5        EV: 12    Int: 13    God:
Gold:   29         SH:  0    Dex: 11    Spells: 2/5 levels left

rFire   . . .      SeeInvis .     - Unarmed
rCold   . . .      Faith    .   (no shield)
rNeg    . . .      Spirit   .   (armour unavailable)
rPois   .          Reflect  .   (helmet currently unavailable)
rElec   .          Harm     .   (no cloak)
rCorr   .          Rampage  .   (no gloves)
Will    .....                   (boots currently unavailable)
Stlth   +.........              (no amulet)
HPRegen 0.07/turn               (no ring)
MPRegen 0.09/turn               (no ring)

@: appendages, wereblooded, very slightly contaminated
A: horns 2, talons 2, AC +4, unfitting armour, cold-blooded
a: End Transformation


You were on level 2 of the Abyss.
You had temporarily grown beastly horns and talons.
You visited 1 branch of the dungeon, and saw 2 of its levels.
You visited the Abyss 1 time.

You collected 29 gold pieces.

Inventory:

Hand Weapons
 h - a +0 dagger of distortion
Missiles
 a - 62 stones (quivered)
 b - 15 arrows
 e - 17 poisoned darts
Magical Staves
 f - a staff of conjuration
Scrolls
 d - a scroll of fear {unknown}
 g - a scroll of identify {unknown}
Potions
 c - a potion of invisibility {unknown}
 i - a potion of cancellation {unknown}


   Skills:
 + Level 1.4 Fighting
 + Level 2.0 Dodging
 + Level 0.1 Stealth
 + Level 3.6 Unarmed Combat
 + Level 2.0 Spellcasting
 + Level 2.2 Transmutations


You had 2 spell levels left.
You knew the following spells:

 Your Spells              Type           Power      Damage    Failure   Level
a - Beastly Appendage     Tmut           14%        N/A       10%         1
b - Wereblood             Tmut           7%         N/A       16%         2

Your spell library contained the following spells:

 Spells                   Type           Power      Damage    Failure   Level
 Spider Form              Tmut/Pois      4%         N/A       43%         3
 Dazzling Flash           Conj/Hex       2%         N/A       58%         3
 Ice Form                 Ice/Tmut       4%         N/A       85%         4
 Iskenderun's Mystic Bla  Conj/Tloc      1%         2d3       94%         4
 Starburst                Conj/Fire      0%         6d3       100%        6


Dungeon Overview and Level Annotations

Branches:
Dungeon (2/15)

Altars:


Innate Abilities, Weirdness & Mutations

You have temporarily grown beastly horns and talons.
Your plain brown scales are hard. (AC +4)
You cannot fit into any form of body armour.
You are cold-blooded and may be slowed by cold attacks.


Message History

A neqoxec comes into view.
The neqoxec shouts!
You are suddenly pulled into a different region of the Abyss!
You pick up a book of Spectacle and begin reading...
You add the spells Dazzling Flash, Iskenderun's Mystic Blast and Starburst to your library.
a - 62 stones (gained 25)
Okay, then.
Found a gateway leading deeper into the Abyss.
Found a gateway leading deeper into the Abyss.
A fenstrider witch zombie comes into view.
Casting: Wereblood (safe; 16% risk of failure)
Confirm with . or Enter, or press ? or * to list all spells.
Your blood is infused with primal strength.
The fenstrider witch zombie hits you. The fenstrider witch zombie kicks you!
Casting: Wereblood (safe; 16% risk of failure)
Confirm with . or Enter, or press ? or * to list all spells.
You miscast Beastly Appendage.
You are very lightly contaminated with residual magic.
Nothing appears to happen.
The fenstrider witch zombie closely misses you.
The fenstrider witch zombie kicks you.
Casting: Beastly Appendage (safe; 10% risk of failure)
Confirm with . or Enter, or press ? or * to list all spells.
You grow a pair of large bovine horns.
Your feet morph into talons.
The fenstrider witch zombie barely misses you.
The fenstrider witch zombie misses you.
A neqoxec comes into view.
The neqoxec shouts!
You hit the fenstrider witch zombie.
Your punch misses the fenstrider witch zombie.
The fenstrider witch zombie is lightly damaged.
The fenstrider witch zombie hits you.
* * * LOW HITPOINT WARNING * * *
The fenstrider witch zombie barely misses you.
You hit the fenstrider witch zombie but do no damage.
Your tail-slap misses the fenstrider witch zombie.
The fenstrider witch zombie is lightly damaged.
The fenstrider witch zombie hits you!
Ouch! That really hurt!
You die...

#..## ....# ## #...
#.## #... ###..#.#
#..##.....# ...
#.##...# . .
#.#..### ....
#Z..## .>... #@#.
.# .....####
###.#.###
...Z..#..#.#......#
.. . ...##..#....##
.. .. ......#...>
.# #######.
###..#.....##
#.#.##..##...#3# .#
# . .....#...##.#
#....#.##.#.... ##
..


You could see a neqoxec and a fenstrider witch zombie.

Vanquished Creatures
  3 ball pythons (D:1)
  A giant cockroach (D:1)
  4 goblins (D:1)
  A hobgoblin (D:1)
  4 jackals (D:1)
  2 kobolds (D:1)
  A quokka (D:1)
  4 bats (D:1)
  3 frilled lizards (D:1)
  4 rats (D:1)
27 creatures vanquished.

Notes
Turn   | Place    | Note
-------+----------+-------------------------------------------
     0 | D:1      | vivovinco the Draconian Transmuter began the quest for the
                  | Orb.
     0 | D:1      | Reached XP level 1. HP: 16/16 MP: 3/3
   123 | D:1      | Reached XP level 2. HP: 20/23 MP: 3/5
   126 | D:1      | Learned a level 2 spell: Wereblood
   288 | D:1      | Found a faded altar of an unknown god.
   572 | D:1      | Cast into level 2 of the Abyss (unwielding a weapon of
                  | distortion)
   587 | Abyss:2  | Found a blossoming altar of Fedhas.
   590 | Abyss:2  | Noticed a neqoxec
   675 | Abyss:2  | Noticed a fenstrider witch zombie
   695 | Abyss:2  | Noticed a neqoxec
   697 | Abyss:2  | Mangled by a fenstrider witch zombie

Illustrated notes

Levels and vault maps discovered:
D:1:      heliophobic_arrival_enchanted_forest, layout_rooms, serial_shops,
          nicolae_shop_stone, hellmonk_ecumenical_altar_leap_of_faith,
          minmay_misc_feat_alley
D:2:      layout_basic, serial_shops, nicolae_shop_window_shopping, st_stairs_2,
          minmay_misc_feat_columns, minmay_vboxes, uniq_jessica
Abyss:2:  base: D:2, evilmike_abyss_exit_1

Skill      XL: |  1  2 |
---------------+-------+-----
Dodging        | 2 |  2.0
Fighting       | |  1.4
Stealth        | |  0.1
Unarmed Combat | |  3.6
Spellcasting   | |  2.0
Transmutations | |  2.2

Action                   || total
-------------------------++-------
Melee: Unarmed           ||    71
       Tailslap          ||     9
       Headbutt          ||     5
       Kick              ||     6
       Dagger            ||     3
Throw: Stone             ||     1
 Cast: Beastly Appendage ||    12
       Wereblood         ||     5
Armor: Skin              ||    33
Dodge: Dodged            ||    52

Table legend: (Time is in decaauts)
 A = Elapsed time spent in this place.
 B = Non-inter-level travel time spent in this place.
 C = Inter-level travel time spent in this place.
 D = Time resting spent in this place.
 E = Time spent auto-exploring this place.
 F = Levels seen in this place.
 G = Mean time per level.
                   A        B        C        D        E       F      G
               +--------+--------+--------+--------+--------+-----+--------+
         Total |    694 |    694 |      0 |    161 |    222 |   3 |  231.3 |
       Dungeon |    569 |    569 |      0 |    161 |    133 |   2 |  284.5 |
         Abyss |    125 |    125 |      0 |      0 |     89 |   1 |  125.0 |
               +--------+--------+--------+--------+--------+-----+--------+

Top non-repeatable levels by time:
     D:1: 562 daAuts
 Abyss:2: 125 daAuts
     D:2: 6 daAuts
